TOP OF THE 1ST |
Wake Forest Demon Deacons batting - Pitching for Utah Utes : RHP Reggie Reynolds
|
Pitching: RHP Reggie Reynolds
|
|
Batting: SHB Terry Dailey
|
0-0: Ground out 4-3 (Groundball, 4)
|
Batting: LHB Ken Smith
|
0-0: Called Strike 0-1: Ball 1-1: Ball 2-1: Foul Ball, location: 2F 2-2: Foul Ball, location: 2F 2-2: Ball 3-2: SINGLE (Groundball, 5D)
|
Batting: RHB Jesse McKnight
|
0-0: Swinging Strike 0-1: Ball 1-1: Ball 2-1: Ball 3-1: Foul Ball, location: 2F 3-2: Strikes out looking
|
Batting: RHB Jim Villiers
|
0-0: Ball 1-0: Ball 2-0: Ball 3-0: Base on Balls Ken Smith to second
|
Batting: LHB Garrett King
|
0-0: Called Strike 0-1: Swinging Strike 0-2: Strikes out swinging
|
Top of the 1st over - 0 run(s), 1 hit(s), 0 error(s), 2 left on base; Wake Forest 0 - Utah 0 |
BOTTOM OF THE 1ST |
Utah Utes batting - Pitching for Wake Forest Demon Deacons : LHP Oliver Ríos
|
Pitching: LHP Oliver Ríos
|
|
Batting: SHB George Wilder
|
0-0: Ball 1-0: Reached on error, E5 (Groundball, 5S)
|
Batting: RHB Hunter Plunket
|
0-0: Foul Ball, location: 2F 0-1: Foul Ball, location: 2F 0-2: Strikes out swinging
|
Batting: LHB Felipe Valino
|
0-0: Ball 1-0: Foul Ball, location: 2F 1-1: Fly out, F6 (Popup, 4MD)
|
Batting: LHB Max Hoskins
|
0-0: Called Strike 0-1: Foul Ball, location: 2F 0-2: Strikes out looking
|
Bottom of the 1st over - 0 run(s), 0 hit(s), 1 error(s), 1 left on base; Wake Forest 0 - Utah 0 |
TOP OF THE 2ND |
Wake Forest Demon Deacons batting - Pitching for Utah Utes : RHP Reggie Reynolds
|
Batting: LHB Greg Faulkner
|
0-0: Called Strike 0-1: Ball 1-1: Foul Ball, location: 2F 1-2: Strikes out swinging
|
Batting: RHB Eric Rowe
|
0-0: Fly out, F6 (Line Drive, 6)
|
Batting: LHB Roberto Félix
|
0-0: Ball 1-0: Ball 2-0: Foul Ball, location: 2F 2-1: SINGLE (Groundball, 34D)
|
Batting: RHB Wilbert Bernard
|
0-0: Called Strike 0-1: Foul Ball, location: 2F 0-2: Ball 1-2: Ball 2-2: Strikes out swinging
|
Top of the 2nd over - 0 run(s), 1 hit(s), 0 error(s), 1 left on base; Wake Forest 0 - Utah 0 |
BOTTOM OF THE 2ND |
Utah Utes batting - Pitching for Wake Forest Demon Deacons : LHP Oliver Ríos
|
Batting: RHB Leon Heath
|
0-0: Foul Ball, location: 2F 0-1: DOUBLE (Line Drive, 9LM)
|
Batting: LHB William Butler
|
0-0: Ball 1-0: Ball 2-0: Called Strike 2-1: Ball 3-1: Called Strike 3-2: Ground out 1-3 (Groundball, 15)
|
Batting: SHB Pablo Miranda
|
0-0: Ball Leon Heath is caught stealing 3rd base 1-0: Ball 2-0: Ball 3-0: Base on Balls
|
Batting: SHB Lewis Woods
|
0-0: SINGLE (Flyball, 8RS) Pablo Miranda to second Runner from 2nd tries for 3rd, SAFE, throw made to third
|
Batting: RHB Matt Vargas
|
0-0: Ball 1-0: Called Strike 1-1: Foul Ball, location: 2F 1-2: Ball 2-2: DOUBLE (Flyball, 7M) Pablo Miranda scores Lewis Woods to third Runner from 3rd tries for Home, SAFE, no throw or cutoff
|
Batting: SHB George Wilder
|
0-0: Ball 1-0: Swinging Strike 1-1: Ball 2-1: Ball 3-1: Base on Balls
|
Batting: RHB Hunter Plunket
|
0-0: Ball 1-0: Called Strike 1-1: Swinging Strike 1-2: Ball 2-2: Ball 3-2: DOUBLE (Line Drive, 7LM) Matt Vargas scores George Wilder to third George Wilder scores
|
Batting: LHB Felipe Valino
|
0-0: Swinging Strike 0-1: Called Strike 0-2: Ball 1-2: Ball 2-2: Foul Ball, location: 2F 2-2: Strikes out looking
|
Bottom of the 2nd over - 4 run(s), 4 hit(s), 0 error(s), 1 left on base; Wake Forest 0 - Utah 4 |
TOP OF THE 3RD |
Wake Forest Demon Deacons batting - Pitching for Utah Utes : RHP Reggie Reynolds
|
Batting: SHB Terry Dailey
|
0-0: Called Strike 0-1: Swinging Strike 0-2: Strikes out swinging
|
Batting: LHB Ken Smith
|
0-0: Ball 1-0: Swinging Strike 1-1: Foul Ball, location: 2F 1-2: Ball 2-2: Ball 3-2: Base on Balls
|
Batting: RHB Jesse McKnight
|
0-0: Called Strike 0-1: Foul Ball, location: 2F 0-2: SINGLE (Groundball, 56D) Ken Smith to second
|
Batting: RHB Jim Villiers
|
0-0: Ball 1-0: Fly out, F6 (Line Drive, 6)
|
Batting: LHB Garrett King
|
0-0: SINGLE (Line Drive, 6) Ken Smith to third Jesse McKnight to second Runner from 3rd tries for Home, SAFE, no throw or cutoff
|
Batting: LHB Greg Faulkner
|
0-0: Ground out 6-3 (Groundball, 6)
|
Top of the 3rd over - 1 run(s), 2 hit(s), 0 error(s), 2 left on base; Wake Forest 1 - Utah 4 |
BOTTOM OF THE 3RD |
Utah Utes batting - Pitching for Wake Forest Demon Deacons : LHP Oliver Ríos
|
Batting: LHB Max Hoskins
|
0-0: Called Strike 0-1: Called Strike 0-2: DOUBLE (Line Drive, 9LM)
|
Batting: RHB Leon Heath
|
0-0: Foul Ball, location: 2F 0-1: Ball 1-1: Foul Ball, location: 2F 1-2: Ground out 6-3 (Groundball, 6M) Max Hoskins to third
|
Batting: LHB William Butler
|
0-0: Ball Wild Pitch! Max Hoskins scores 1-0: Called Strike 1-1: Called Strike 1-2: Ball 2-2: Strikes out looking
|
Batting: SHB Pablo Miranda
|
0-0: Ball 1-0: Foul Ball, location: 2F 1-1: Ball 2-1: Swinging Strike 2-2: Fly out, F8 (Line Drive, 8RD)
|
Bottom of the 3rd over - 1 run(s), 1 hit(s), 0 error(s), 0 left on base; Wake Forest 1 - Utah 5 |
TOP OF THE 4TH |
Wake Forest Demon Deacons batting - Pitching for Utah Utes : RHP Reggie Reynolds
|
Batting: RHB Eric Rowe
|
0-0: Called Strike 0-1: Swinging Strike 0-2: SOLO HOME RUN (Flyball, 78XD), Distance : 434 ft
|
Batting: LHB Roberto Félix
|
0-0: Swinging Strike 0-1: Called Strike 0-2: Ball 1-2: Ball 2-2: Foul Ball, location: 2F 2-2: Strikes out swinging
|
Batting: RHB Wilbert Bernard
|
0-0: Ball 1-0: Ball 2-0: Ball 3-0: Base on Balls
|
Batting: SHB Terry Dailey
|
0-0: Ball 1-0: Foul Ball, location: 2F 1-1: 2-RUN HOME RUN (Flyball, 89XD), Distance : 433 ft
|
Batting: LHB Ken Smith
|
0-0: Ball 1-0: SINGLE (Line Drive, 9S)
|
Batting: RHB Jesse McKnight
|
0-0: Foul Ball, location: 2F 0-1: Swinging Strike 0-2: Ball 1-2: Foul Ball, location: 2F 1-2: 2-RUN HOME RUN (Flyball, 9D), Distance : 394 ft
|
Batting: RHB Jim Villiers
|
0-0: Called Strike 0-1: Ball 1-1: Fly out, F6 (Line Drive, 6)
|
Batting: LHB Garrett King
|
0-0: Ball 1-0: Ground out 4-3 (Groundball, 4)
|
Top of the 4th over - 5 run(s), 4 hit(s), 0 error(s), 0 left on base; Wake Forest 6 - Utah 5 |
BOTTOM OF THE 4TH |
Utah Utes batting - Pitching for Wake Forest Demon Deacons : LHP Oliver Ríos
|
Batting: SHB Lewis Woods
|
0-0: Called Strike 0-1: Fly out, F9 (Flyball, 9M)
|
Batting: RHB Matt Vargas
|
0-0: Swinging Strike 0-1: Ball 1-1: Ball 2-1: Fly out, F7 (Flyball, 78M)
|
Batting: SHB George Wilder
|
0-0: Called Strike 0-1: Ball 1-1: Foul Ball, location: 2F 1-2: Ball 2-2: Strikes out swinging
|
Bottom of the 4th over - 0 run(s), 0 hit(s), 0 error(s), 0 left on base; Wake Forest 6 - Utah 5 |
TOP OF THE 5TH |
Wake Forest Demon Deacons batting - Pitching for Utah Utes : RHP Reggie Reynolds
|
Batting: LHB Greg Faulkner
|
0-0: Ball 1-0: Swinging Strike 1-1: Ball 2-1: Foul Ball, location: 2F 2-2: Foul Ball, location: 2F 2-2: SINGLE (Groundball, 56)
|
Pitching: LHP Frederick Powell
|
|
Batting: RHB Eric Rowe
|
0-0: Ball 1-0: Ball 2-0: Fielders Choice at 2nd, 5-4 (Groundball, 56)
|
Batting: LHB Roberto Félix
|
0-0: Ball 1-0: Ball 2-0: Called Strike 2-1: Called Strike 2-2: Ball 3-2: SINGLE (Line Drive, 34) Eric Rowe to second Eric Rowe to third
|
Batting: RHB Wilbert Bernard
|
0-0: Called Strike 0-1: Swinging Strike 0-2: Ball 1-2: Strikes out swinging
|
Batting: SHB Terry Dailey
|
0-0: Ball 1-0: Called Strike 1-1: Called Strike 1-2: Strikes out swinging
|
Top of the 5th over - 0 run(s), 2 hit(s), 0 error(s), 2 left on base; Wake Forest 6 - Utah 5 |
BOTTOM OF THE 5TH |
Utah Utes batting - Pitching for Wake Forest Demon Deacons : LHP Oliver Ríos
|
Batting: RHB Hunter Plunket
|
0-0: Ball 1-0: Called Strike 1-1: Foul Ball, location: 2F 1-2: Foul Ball, location: 2F 1-2: Foul Ball, location: 2F 1-2: Strikes out swinging
|
Pitching: LHP Greg Ferguson
|
|
Batting: LHB Felipe Valino
|
0-0: Called Strike 0-1: Ball 1-1: Ball 2-1: Ball 3-1: Swinging Strike 3-2: Base on Balls
|
Batting: LHB Max Hoskins
|
0-0: Ball 1-0: Ball 2-0: Ball 3-0: Base on Balls Felipe Valino to second
|
Batting: RHB Leon Heath
|
0-0: Ball 1-0: Swinging Strike 1-1: Called Strike 1-2: Strikes out looking
|
Batting: LHB William Butler
|
0-0: Called Strike 0-1: Ball 1-1: Fly out, F7 (Popup, 7LS)
|
Bottom of the 5th over - 0 run(s), 0 hit(s), 0 error(s), 2 left on base; Wake Forest 6 - Utah 5 |
TOP OF THE 6TH |
Wake Forest Demon Deacons batting - Pitching for Utah Utes : LHP Frederick Powell
|
Batting: LHB Ken Smith
|
0-0: Called Strike 0-1: Ball 1-1: Hit by Pitch
|
Batting: RHB Jesse McKnight
|
0-0: Ball 1-0: Called Strike 1-1: Foul Ball, location: 2F 1-2: Ball 2-2: Strikes out swinging
|
Batting: RHB Jim Villiers
|
0-0: Ball 1-0: Ball Ken Smith steals 2nd base 2-0: Intentional Walk
|
Batting: LHB Garrett King
|
0-0: Swinging Strike 0-1: Foul Ball, location: 2F 0-2: Ball 1-2: Hit by Pitch Ken Smith to third Jim Villiers to second
|
Batting: LHB Greg Faulkner
|
0-0: Ball 1-0: Swinging Strike 1-1: Called Strike 1-2: Ball 2-2: Strikes out swinging
|
Batting: RHB Eric Rowe
|
0-0: Fly out, F8 (Flyball, 8LS)
|
Top of the 6th over - 0 run(s), 0 hit(s), 0 error(s), 3 left on base; Wake Forest 6 - Utah 5 |
BOTTOM OF THE 6TH |
Utah Utes batting - Pitching for Wake Forest Demon Deacons : LHP Greg Ferguson
|
Batting: SHB Pablo Miranda
|
0-0: Foul Ball, location: 2F 0-1: Called Strike 0-2: Hit by Pitch
|
Batting: SHB Lewis Woods
|
0-0: Ball Wild Pitch! Pablo Miranda to second 1-0: Called Strike 1-1: Foul Ball, location: 2F 1-2: Strikes out looking
|
Batting: RHB Matt Vargas
|
0-0: Foul Ball, location: 2F 0-1: Foul Ball, location: 2F 0-2: Ball 1-2: Hit by Pitch
|
Batting: SHB George Wilder
|
0-0: Foul Ball, location: 2F 0-1: Swinging Strike 0-2: Strikes out swinging
|
Batting: RHB Hunter Plunket
|
0-0: Called Strike 0-1: Ball 1-1: Ball 2-1: Swinging Strike 2-2: Ball 3-2: Strikes out swinging
|
Bottom of the 6th over - 0 run(s), 0 hit(s), 0 error(s), 2 left on base; Wake Forest 6 - Utah 5 |
TOP OF THE 7TH |
Wake Forest Demon Deacons batting - Pitching for Utah Utes : LHP Frederick Powell
|
Batting: LHB Roberto Félix
|
0-0: Ground out 4-3 (Groundball, 4)
|
Pitching: LHP Michael George
|
|
Batting: RHB Wilbert Bernard
|
0-0: Reached on error, E5 (Groundball, 56S)
|
Batting: SHB Terry Dailey
|
0-0: Hit by Pitch Wilbert Bernard to second
|
Batting: LHB Ken Smith
|
0-0: Ball 1-0: Called Strike 1-1: Foul Ball, location: 2F 1-2: Ball 2-2: Strikes out swinging
|
Batting: RHB Jesse McKnight
|
0-0: Called Strike 0-1: 3-RUN HOME RUN (Line Drive, 9LD), Distance : 373 ft
|
Batting: RHB Jim Villiers
|
0-0: Called Strike 0-1: Called Strike 0-2: Strikes out swinging
|
Top of the 7th over - 3 run(s), 1 hit(s), 1 error(s), 0 left on base; Wake Forest 9 - Utah 5 |
BOTTOM OF THE 7TH |
Utah Utes batting - Pitching for Wake Forest Demon Deacons : LHP Greg Ferguson
|
Pitching: LHP Marc Young
|
|
Batting: LHB Felipe Valino
|
0-0: Ball 1-0: Fly out, F7 (Flyball, 7D)
|
Batting: LHB Max Hoskins
|
0-0: Ground out 2-3 (Groundball, 2L)
|
Batting: RHB Leon Heath
|
0-0: Fly out, F8 (Flyball, 8LM)
|
Bottom of the 7th over - 0 run(s), 0 hit(s), 0 error(s), 0 left on base; Wake Forest 9 - Utah 5 |
TOP OF THE 8TH |
Wake Forest Demon Deacons batting - Pitching for Utah Utes : LHP Michael George
|
Batting: LHB Garrett King
|
0-0: SINGLE (Line Drive, 6MD)
|
Batting: LHB Greg Faulkner
|
0-0: Ball 1-0: Ball 2-0: Ball 3-0: Base on Balls Garrett King to second
|
Batting: RHB Eric Rowe
|
0-0: Sac Bunt - play at third, runner OUT! 1-5 Greg Faulkner to second
|
Batting: LHB Roberto Félix
|
0-0: Ball 1-0: Ball 2-0: Ball 3-0: Base on Balls Greg Faulkner to third Eric Rowe to second
|
Batting: RHB Wilbert Bernard
|
0-0: Ball 1-0: Foul Ball, location: 2F 1-1: Ball 2-1: Swinging Strike 2-2: Fly out, F8 (Popup, 8LS)
|
Batting: SHB Terry Dailey
|
0-0: Called Strike 0-1: Called Strike 0-2: Foul Ball, location: 2F 0-2: Ball 1-2: Strikes out swinging
|
Top of the 8th over - 0 run(s), 1 hit(s), 0 error(s), 3 left on base; Wake Forest 9 - Utah 5 |
BOTTOM OF THE 8TH |
Utah Utes batting - Pitching for Wake Forest Demon Deacons : LHP Marc Young
|
Batting: LHB William Butler
|
0-0: Ball 1-0: Ball 2-0: Called Strike 2-1: Ball 3-1: Base on Balls
|
Batting: SHB Pablo Miranda
|
0-0: Foul Ball, location: 2F 0-1: Ball Wild Pitch! William Butler to second 1-1: Swinging Strike 1-2: Foul Ball, location: 2F 1-2: Foul Ball, location: 2F 1-2: Ball 2-2: Strikes out looking
|
Batting: SHB Lewis Woods
|
0-0: Ball 1-0: Called Strike 1-1: Ball 2-1: Ball 3-1: Foul Ball, location: 2F 3-2: Base on Balls
|
Batting: RHB Matt Vargas
|
0-0: Called Strike 0-1: Called Strike 0-2: Foul Ball, location: 2F 0-2: Foul Ball, location: 2F 0-2: Ball 1-2: Ball 2-2: Strikes out swinging
|
Batting: SHB George Wilder
|
0-0: Ball 1-0: Called Strike 1-1: 3-RUN HOME RUN (Flyball, 78XD), Distance : 434 ft
|
Batting: RHB Hunter Plunket
|
0-0: Called Strike 0-1: Foul Ball, location: 2F 0-2: Ball 1-2: Foul Ball, location: 2F 1-2: Fly out, F3 (Popup, 3SF)
|
Bottom of the 8th over - 3 run(s), 1 hit(s), 0 error(s), 0 left on base; Wake Forest 9 - Utah 8 |
TOP OF THE 9TH |
Wake Forest Demon Deacons batting - Pitching for Utah Utes : LHP Michael George
|
Pitching: RHP Joe King
|
|
Batting: LHB Ken Smith
|
0-0: Called Strike 0-1: Foul Ball, location: 2F 0-2: Foul Ball, location: 2F 0-2: Strikes out looking
|
Batting: RHB Jesse McKnight
|
0-0: Called Strike 0-1: Ball 1-1: Ball 2-1: Ball 3-1: Base on Balls
|
Batting: RHB Jim Villiers
|
0-0: Ball 1-0: Ball 2-0: Ball 3-0: Called Strike 3-1: Called Strike 3-2: Strikes out swinging
|
Batting: LHB Garrett King
|
0-0: Ball 1-0: Called Strike 1-1: Swinging Strike 1-2: Strikes out swinging
|
Top of the 9th over - 0 run(s), 0 hit(s), 0 error(s), 1 left on base; Wake Forest 9 - Utah 8 |
BOTTOM OF THE 9TH |
Utah Utes batting - Pitching for Wake Forest Demon Deacons : LHP Marc Young
|
Pitching: RHP John Gill
|
|
Batting: LHB Felipe Valino
|
0-0: Ball 1-0: Ball 2-0: Fly out, F9 (Flyball, 9M)
|
Batting: LHB Max Hoskins
|
0-0: Called Strike 0-1: Ball 1-1: Ball 2-1: Foul Ball, location: 2F 2-2: Ball 3-2: SINGLE (Groundball, 4MD)
|
Batting: RHB Leon Heath
|
0-0: Ball 1-0: Ball 2-0: Ball 3-0: Base on Balls Max Hoskins to second
|
Batting: LHB William Butler
|
0-0: Ball 1-0: Swinging Strike 1-1: Fly out, F8 (Flyball, 8RM)
|
Batting: SHB Pablo Miranda
|
0-0: Ball 1-0: Called Strike 1-1: SINGLE (Groundball, 34D) Max Hoskins to third Leon Heath to second Runner from 3rd tries for Home, SAFE, no throw or cutoff
|
Batting: SHB Lewis Woods
|
0-0: Called Strike 0-1: 3-RUN HOME RUN (Flyball, 9LD), Distance : 351 ft
|
|